 Dungeon Crawl Stone Soup version 0.28.0-53-g5a82cb258f (webtiles) character file.

Game seed: 17969488046297389712

31 Peloso the Covered (level 3, 0/33 HPs)
             Began as a Minotaur Fighter on July 24, 2022.
             Slain by a goblin
             ... wielding a +0 club
              (3 damage)
             ... on level 2 of the Dungeon.
             The game lasted 00:01:18 (879 turns).

Peloso the Covered (Minotaur Fighter)                Turns: 879, Time: 00:01:19

Health: 0/33       AC:  8    Str: 20    XL:     3   Next: 7%
Magic:  2/2        EV:  9    Int:  5    God:
Gold:   26         SH:  4    Dex: 11    Spells: 2/2 levels left

rFire   . . .      SeeInvis .   a - +0 long sword (freeze)
rCold   . . .      Faith    .   c - +0 buckler
rNeg    . . .      Spirit   .   b - +1 scale mail
rPois   .          Reflect  .   (helmet restricted)
rElec   .          Harm     .   (no cloak)
rCorr   .          Rampage  .   (no gloves)
Will    .....                   (no boots)
Stlth   ..........              (no amulet)
HPRegen 0.11/turn               (no ring)
MPRegen 0.08/turn               (no ring)

@: lethally poisoned (0 -> -9)
A: horns 2, retaliatory headbutt
a: no special abilities


You were on level 2 of the Dungeon.
You visited 1 branch of the dungeon, and saw 2 of its levels.

You collected 26 gold pieces.

Inventory:

Hand Weapons
 a - a +0 long sword of freezing (weapon)
Armour
 b - a +1 scale mail (worn)
 c - a +0 buckler (worn)
Potions
 d - a potion of might
 e - a potion of brilliance {unknown}


   Skills:
 + Level 4.1 Fighting
 + Level 2.8 Long Blades
 + Level 4.1 Armour
 + Level 0.4 Dodging
 + Level 0.1 Stealth
 + Level 3.9 Shields


You had 2 spell levels left.
You didn't know any spells.
Your spell library contained the following spells:

 Spells                   Type           Power      Damage    Failure   Level
 Dazzling Flash           Conj/Hex       0%         N/A       99%         3
 Iskenderun's Mystic Bla  Conj/Tloc      0%         2d3       100%        4
 Starburst                Conj/Fire      0%         6d3       100%        6


Dungeon Overview and Level Annotations

Branches:
Dungeon (2/15)

Altars:

Annotations:
D:2 Sigmund, Terence


Innate Abilities, Weirdness & Mutations

You have a pair of horns on your head.
You reflexively headbutt those who attack you in melee.


Message History

Terence is nearby!
Terence shouts!
Found a stone staircase leading down.
A goblin comes into view. It is wielding a +0 club.
Sigmund the Dreaded comes into view.
He is wielding a +1 scythe of venom.
You see here a +0 spear.
You hit Terence but do no damage. Your headbutt misses Terence.
Terence hits you with a +0 short sword.
You hit Terence. You freeze Terence. Your headbutt misses Terence.
Terence is moderately wounded.
Terence hits you but does no damage.
You hit Terence but do no damage.
Terence is moderately wounded.
Terence barely misses you. x2
You closely miss Terence.
Terence is moderately wounded.
Sigmund hits you from afar with a +1 scythe of venom.
You are poisoned.
Terence hits you with a +0 short sword. The goblin hits you but does no damage.
You hit Terence but do no damage.
Terence is moderately wounded.
You feel very sick. Terence closely misses you.
Sigmund casts a spell.
Sigmund flickers and vanishes!
Deactivating autopickup; reactivate with Ctrl-A.
The goblin barely misses you.
You barely miss Terence.
Terence is moderately wounded.
You feel sick. Terence hits you but does no damage. Something hits you.
You are lethally poisoned!
You block the goblin's attack. Terence hits you with a +0 short sword.
* * * LOW HITPOINT WARNING * * *
Unknown command.
You barely miss Terence.
Terence is moderately wounded.
* * * LOW HITPOINT WARNING * * *
You feel very sick. The goblin hits you with a +0 club.
You die...

###.......#
#####<........#
#........#....#
#.####)########
#.# #.# ##.#
###.##..####...
......g@.>...#
#####.@#######
#.{ #... #....
#.#.. #.#.. .
...


You could see Terence and a goblin.

Vanquished Creatures
  6 bats (D:1)
  2 endoplasms
  A giant cockroach (D:1)
  3 goblins
  4 hobgoblins
  2 quokkas (D:1)
  3 ball pythons (D:1)
  2 frilled lizards (D:1)
  4 kobolds (D:1)
  2 rats (D:1)
29 creatures vanquished.

Notes
Turn   | Place    | Note
-------+----------+-------------------------------------------
     0 | D:1      | Peloso the Minotaur Fighter began the quest for the Orb.
     0 | D:1      | Reached XP level 1. HP: 19/19 MP: 0/0
   110 | D:1      | Reached XP level 2. HP: 26/27 MP: 1/1
   541 | D:1      | Found a faded altar of an unknown god.
   850 | D:2      | Reached XP level 3. HP: 31/33 MP: 2/2
   869 | D:2      | Noticed Terence
   872 | D:2      | Noticed Sigmund
   879 | D:2      | Slain by a goblin

Illustrated notes

Levels and vault maps discovered:
D:1:      doesnt_arrival_eight_statues, layout_basic,
          shapermc_ecumenical_altar_pompeii
D:2:      layout_rooms, uniq_terence, uniq_sigmund

Skill      XL: |  1  2 |
---------------+-------+-----
Armour         | 4 |  4.1
Fighting       | 4 |  4.1
Long Blades    | |  2.8
Dodging        | |  0.4
Stealth        | |  0.1
Shields        | |  3.9

Action                   || total
-------------------------++-------
Melee: Long sword        ||    79
       Headbutt          ||     5
  Use: Scroll            ||     4
Armor: Scale mail        ||    60
Dodge: Dodged            ||    55
Block: Buckler           ||    23
